 Dungeon Crawl Stone Soup version 0.28.0-47-ge53b351184 (webtiles) character file.

Game seed: 2398155750676078439

108 GigaChad the Slasher (level 4, -3/41 HPs)
             Began as a Minotaur Berserker on May 6, 2022.
             Was a Believer of Trog.
             Slain by Jessica
             ... wielding a +2 dagger of venom
              (5 damage)
             ... on level 3 of the Dungeon.
             The game lasted 00:05:58 (3184 turns).

GigaChad the Slasher (Minotaur Berserker)           Turns: 3184, Time: 00:06:00

Health: -3/41      AC:  7    Str: 21    XL:     4   Next: 58%
Magic:  3/3        EV: 11    Int:  4    God:    Trog [**....]
Gold:   106        SH:  0    Dex: 12    Spells: 3/3 levels left

rFire   . . .      SeeInvis .   a - +0 falchion
rCold   . . .      Faith    .   (no shield)
rNeg    . . .      Spirit   .   f - +0 ring mail
rPois   .          Reflect  .   (helmet restricted)
rElec   .          Harm     .   i - +1 cloak
rCorr   .          Rampage  .   (no gloves)
Will    .....                   (no boots)
Stlth   +.........              (no amulet)
HPRegen 0.13/turn               (no ring)
MPRegen 0.08/turn               (no ring)

@: lethally poisoned (-3 -> -12)
A: horns 2, retaliatory headbutt
a: Renounce Religion, Berserk, Trog's Hand


You were on level 3 of the Dungeon.
You worshipped Trog.
Trog was pleased with you.
You visited 1 branch of the dungeon, and saw 3 of its levels.

You collected 106 gold pieces.

Inventory:

Hand Weapons
 a - a +0 falchion (weapon)
Missiles
 g - a throwing net (quivered)
Armour
 b - a +0 animal skin
 f - a +0 ring mail (worn)
 i - a +1 cloak (worn)
Jewellery
 l - an amulet of faith
Scrolls
 h - a scroll of identify
 m - a scroll of vulnerability
Potions
 c - a potion of lignification {unknown}
 d - a potion of resistance {unknown}
 e - a potion of curing {unknown}
 k - a potion of flight {unknown}


   Skills:
 + Level 4.6 Fighting
 + Level 5.1 Long Blades
 + Level 2.9 Armour
 + Level 2.9 Dodging
 + Level 0.4 Stealth


You had 3 spell levels left.
You didn't know any spells.
Your spell library contained the following spells:

 Spells                   Type           Power      Damage    Failure   Level
 Gell's Gravitas          Tloc           0%         N/A       95%         3
 Lesser Beckoning         Tloc           0%         N/A       95%         3
 Teleport Other           Tloc           0%         N/A       95%         3


Dungeon Overview and Level Annotations

Branches:
Dungeon (3/15)

Altars:

Shops:
D:3 (

Annotations:
D:3 Jessica


Innate Abilities, Weirdness & Mutations

You have a pair of horns on your head.
You reflexively headbutt those who attack you in melee.


Message History

Jessica casts a spell.
Jessica seems to speed up.
Jessica casts a spell.
Jessica blinks!
The ufetubus hits you but does no damage. x2
Jessica gestures at you while chanting.
You barely resist. You barely miss the rat. The ufetubus misses you.
You furiously retaliate!
You headbutt the ufetubus. The ufetubus hits you. The rat barely misses you.
You furiously retaliate!
You headbutt the rat. The ufetubus misses you.
The ufetubus hits you but does no damage.
You closely miss the rat.
The rat is severely wounded.
The ufetubus closely misses you. You furiously retaliate!
You headbutt the ufetubus. The ufetubus hits you.
The rat bites you but does no damage.
You hit the rat.
You kill the rat!
Trog accepts your kill.
You can now call upon Trog for regeneration and willpower.
Jessica gestures at you while chanting. Pain shoots through your body!
The ufetubus barely misses you. You furiously retaliate!
You headbutt the ufetubus. The ufetubus completely misses you.
Jessica gestures at you while chanting. Pain shoots through your body!
* * * LOW HITPOINT WARNING * * *
The ufetubus hits you but does no damage.
The ufetubus barely misses you.
Jessica looks very angry.
Jessica barely misses you. You furiously retaliate!
You headbutt Jessica, but do no damage. You hit Jessica but do no damage.
Jessica hits you with a +2 dagger of venom.
* * * LOW HITPOINT WARNING * * *
You are lethally poisoned!
The ufetubus hits you but does no damage.
The ufetubus barely misses you.
Jessica hits you with a +2 dagger of venom.
You die...

*,,,,,,,,,,,,,,,,*,,***
********.#,,,,,,,*,,**,
########.#####*,,*,,,,,
#............#**,,,,,**
#.............,,,,,,,,,
#.............,,,,,,,,,
#............#,,,,,,,,,
#<....@...>..#,,***,...
#...$.@......#.#* **#.#
#.....5......#.# #..
#..............# *#.
#........).>..#########
####...................
##..............<.....
#...............[..†..
#.................†...
#.....................


You could see Jessica (fast) and an ufetubus.

Vanquished Creatures
  2 jellies
  A gnoll (D:1)
  4 ball pythons
  5 endoplasms
  4 giant cockroaches
  4 goblins
  2 hobgoblins
  2 quokkas
  3 bats
  3 frilled lizards
  3 kobolds
  4 rats
37 creatures vanquished.

Notes
Turn   | Place    | Note
-------+----------+-------------------------------------------
     0 | D:1      | GigaChad the Minotaur Berserker began the quest for the
                  | Orb.
     0 | D:1      | Reached XP level 1. HP: 19/19 MP: 0/0
  1265 | D:1      | Reached skill level 4 in Long Blades
  1265 | D:1      | Reached XP level 2. HP: 27/27 MP: 1/1
  1938 | D:2      | Reached XP level 3. HP: 25/33 MP: 2/2
  2558 | D:2      | Found a faded altar of an unknown god.
  2850 | D:2      | Reached XP level 4. HP: 41/41 MP: 3/3
  3071 | D:3      | Found Katesun's Antique Weapon Boutique.
  3174 | D:3      | Reached skill level 5 in Long Blades
  3177 | D:3      | Noticed Jessica
  3182 | D:3      | Reached ** piety under Trog
  3184 | D:3      | HP: 2/41 [Jessica/+2 dagger of venom (4)]
  3184 | D:3      | Slain by Jessica

Illustrated notes

Levels and vault maps discovered:
D:1:      psy_arrival_fountain, layout_loops_corners, minmay_tromino_v4_a
D:2:      minmay_door_path, layout_basic,
          shapermc_ecumenical_altar_totnotflames,
          hangedman_decor_clover_reticule
D:3:      layout_rooms, serial_shops, shop, minivault_23, uniq_jessica

Skill      XL: |  1  2  3  4 |
---------------+-------------+-----
Long Blades    | 4 5 |  5.1
Fighting       | 4 |  4.6
Armour         | |  2.9
Dodging        | |  2.9
Stealth        | |  0.4

Action                   |  1- 3 |  4- 6 || total
-------------------------+-------+-------++-------
Melee: Falchion          |    48 |    18 ||    66
       Headbutt          |     8 |     3 ||    11
       Punch             |     1 |       ||     1
  Use: Scroll            |       |     3 ||     3
Armor: Animal skin       |    10 |       ||    10
       Ring mail         |    11 |    16 ||    27
Dodge: Dodged            |    24 |    20 ||    44
